Map: Kairos Junction LE

Players

MaNa

  • Race: Protoss Protoss
  • Spawn Location: 11:00

Kelazhur - Winner!

  • Race: Terran Terran
  • Spawn Location: 5:00

Event: 2019 WCS Spring

VOD

Have the link to the VOD?

Description

Time

  • Played on: May 18, 2019, 6:39 a.m.
  • Length: 9:31

All games in this series

Show
View Real Time Build Order
Export as new Build Order

MaNa Protoss 

Build Orders: 1 Gate Expand, Chargelot Immortal 

Get SALT Encoding   

  12  0:00  Probe  
  13  0:12  Probe  
  14  0:18  Pylon  
  14  0:24  Probe  
  15  0:32  Probe  
  15  0:37  Gateway  
  15  0:40  Probe  
  16  0:46  Assimilator  
  17  0:51  Probe  
  18  1:03  Probe  
  19  1:15  Probe  
  20  1:24  Nexus  
  20  1:35  Cybernetics Core  
  20  1:36  Probe  
  21  1:41  Assimilator  
  21  1:48  Probe  
  21  1:52  Pylon  
  21  2:00  Probe  
  21  2:01  Adept  
  22  2:12  Probe  
  25  2:16  Robotics Facility  
  25  2:18  Warp Gate  
  25  2:24  Probe  
  26  2:36  Probe  
  26  2:37  Probe  
  30  2:44  Sentry  
  30  2:48  Probe  
  30  2:49  Probe  
  32  2:57  Observer  
  32  3:00  Probe  
  32  3:01  Probe  
  32  3:05  Gateway  
  35  3:06  Gateway  
  35  3:12  Probe  
  35  3:13  Probe  
  35  3:15  Immortal, Pylon  
  41  3:27  Probe  
  41  3:29  Probe  
  43  3:38  Twilight Council  
  43  3:39  Probe  
  44  3:41  Probe  
  44  3:44  Pylon  
  45  3:49  Shield Battery  
  43  4:07  Stalker x3  
  40  4:11  Probe  
  36  4:19  Probe  
  34  4:28  Stalker x2  
  36  4:36  Probe  
  35  4:38  Probe  
  35  4:44  Observer, Probe  
  36  4:47  Sentry  
  36  4:50  Probe  
  40  4:52  Probe  
  41  5:02  Probe  
  41  5:04  Adept  
  41  5:06  Probe  
  45  5:09  Warp Prism  
  45  5:12  Probe  
  47  5:14  Charge  
  47  5:18  Probe  
  47  5:20  Probe  
  47  5:21  Zealot  
  51  5:22  Zealot  
  51  5:26  Observer  
  54  5:29  Assimilator  
  54  5:30  Probe  
  54  5:33  Assimilator  
  55  5:44  Probe x2, Templar Archives  
  55  5:47  Pylon  
  57  5:54  Observer  
  57  5:56  Probe x2  
  59  6:01  Immortal  
  59  6:08  Probe x2  
  59  6:10  Psionic Storm  
  65  6:20  Probe x2  
  63  6:31  High Templar  
  63  6:32  Probe  
  66  6:35  Probe, Gateway  
  66  6:36  Warp Prism  
  66  6:38  Gateway  
  69  6:47  Pylon  
  69  6:52  Probe  
  70  6:56  Pylon  
  70  7:02  Nexus  
  70  7:04  Immortal  
  70  7:05  High Templar  
  70  7:06  High Templar  
  78  7:16  Probe  
  78  7:21  Zealot  
  81  7:25  Pylon  
  81  7:32  High Templar  
  81  7:34  Probe x2  
  85  7:44  Pylon  
  83  7:48  Zealot x4  
  88  8:10  Pylon x2  
  88  8:11  Pylon  
  87  8:18  Nexus  
  84  8:24  Immortal  
  68  8:29  Zealot x4  
  69  8:38  Probe  
  69  8:41  High Templar  
  72  8:49  Zealot, Sentry, High Templar  
  72  8:50  Zealot  
  80  8:55  Gateway  
  80  8:56  Gateway  
  80  8:58  Gateway  
  80  8:59  Observer  
  69  9:20  Zealot x4  
  63  9:27  Zealot  
Show
View Real Time Build Order
Export as new Build Order

Kelazhur Terran - Winner!

Build Orders: 1/1/1 

Get SALT Encoding   

  12  0:00  SCV  
  13  0:12  SCV  
  14  0:17  Supply Depot  
  14  0:25  SCV  
  15  0:38  SCV  
  15  0:39  Barracks  
  16  0:43  Refinery  
  16  0:50  SCV  
  16  0:54  Refinery  
  17  1:02  SCV  
  18  1:14  SCV  
  19  1:29  Orbital Command, Marine  
  20  1:39  Factory  
  20  1:52  Supply Depot, Barracks Reactor  
  20  1:55  SCV  
  21  2:07  SCV  
  22  2:21  SCV  
  25  2:23  Hellion, Starport  
  25  2:27  Supply Depot  
  25  2:28  Marine x2  
  27  2:33  SCV  
  30  2:44  Hellion  
  30  2:46  Marine  
  30  2:48  SCV, Marine  
  30  2:49  Supply Depot  
  33  3:03  Medivac  
  33  3:04  Marine  
  38  3:05  Hellion  
  38  3:06  Marine  
  39  3:14  Supply Depot  
  39  3:22  Marine  
  39  3:24  Marine  
  41  3:28  Factory Tech Lab  
  41  3:35  Starport Tech Lab  
  41  3:39  Command Center  
  41  3:43  SCV  
  42  3:49  Cyclone  
  42  3:53  Raven  
  42  3:55  Marine  
  45  4:11  Marine  
  45  4:14  Marine  
  45  4:22  SCV  
  44  4:25  Siege Tank  
  45  4:34  SCV  
  42  4:40  Marine x2  
  42  4:46  SCV  
  42  4:47  Barracks x2  
  42  4:49  Banshee  
  46  4:59  Orbital Command  
  46  5:04  SCV  
  47  5:08  Marine x2  
  47  5:12  Siege Tank  
  52  5:16  SCV  
  53  5:21  Bunker  
  53  5:23  Supply Depot  
  53  5:24  SCV  
  54  5:29  SCV, Marine  
  54  5:30  Marine  
  57  5:38  SCV  
  57  5:41  SCV, Stimpack, Marine  
  60  5:43  Starport Reactor  
  60  5:44  Refinery  
  60  5:50  SCV  
  60  5:51  Marine x3  
  60  5:52  Combat Shield  
  60  5:53  SCV  
  65  5:59  Supply Depot  
  65  6:00  Marine  
  65  6:02  Factory Reactor  
  65  6:03  SCV  
  67  6:07  Refinery  
  67  6:08  SCV  
  67  6:09  Supply Depot  
  68  6:13  Marine x2  
  71  6:18  SCV  
  71  6:20  Marauder x2  
  71  6:25  Medivac  
  77  6:29  SCV  
  77  6:30  SCV  
  79  6:36  Marine x2  
  79  6:38  Supply Depot  
  81  6:41  SCV  
  81  6:42  Marauder, SCV  
  81  6:44  Marauder  
  81  6:47  Engineering Bay  
  87  6:50  Widow Mine  
  89  6:54  Widow Mine  
  89  6:57  Medivac  
  89  6:59  Medivac  
  95  7:01  Supply Depot  
  95  7:03  Marine x2  
  95  7:06  Marauder  
  101  7:08  Marauder  
  101  7:16  SCV  
  102  7:23  SCV, Widow Mine x2  
  102  7:27  Marine  
  102  7:28  Marine  
  109  7:36  Terran Infantry Weapons Level 1  
  109  7:37  Supply Depot  
  109  7:47  Marauder  
  110  7:58  Marine x2  
  110  7:59  Marauder  
  109  8:07  Command Center  
  109  8:08  SCV x2, Marauder  
  109  8:12  Supply Depot  
  102  8:20  Marauder  
  102  8:26  Marine x2  
  88  8:29  Medivac x2  
  88  8:30  Marauder, Widow Mine x2  
  94  8:41  Marauder  
  94  8:44  Barracks  
  94  8:45  Barracks  
  94  8:46  SCV  
  97  8:51  Marauder  
  97  8:53  Marine x2  
  97  8:54  Widow Mine x2  
  105  8:56  SCV  
  105  8:57  Ghost Academy  
  105  8:58  SCV  
  113  9:03  Marauder  
Tags
 
Add a new tag
Caveats
  • Supply blocks, unpowered buildings, or Contaminate may cause inaccurate times.
  • Supply counts are checked every 10 seconds.